TOP OF THE 1ST |
Plymouth Rocks batting - Pitching for So Cal Henvy : LHP Ramiro Jiménez
|
Pitching: LHP Ramiro Jiménez
|
|
Batting: RHB Luis Sánchez
|
0-0: Ground out 6-3 (Groundball, 6)
|
Batting: RHB Andrés Lara
|
0-0: Foul Ball, location: 2F 0-1: Fly out, F6 (Line Drive, 6)
|
Batting: LHB Barrett Waters
|
0-0: Called Strike 0-1: Swinging Strike 0-2: Fly out, F9 (Flyball, 89M)
|
Top of the 1st over - 0 run(s), 0 hit(s), 0 error(s), 0 left on base; Plymouth 0 - So Cal 0 |
BOTTOM OF THE 1ST |
So Cal Henvy batting - Pitching for Plymouth Rocks : RHP José López
|
Pitching: RHP José López
|
|
Batting: SHB Miguel González
|
0-0: Ball 1-0: Foul Ball, location: 2F 1-1: Fly out, F9 (Flyball, 89D)
|
Batting: LHB John Peterson
|
0-0: Ball 1-0: Foul Ball, location: 2F 1-1: Called Strike 1-2: Ball 2-2: Fly out, F4 (Line Drive, 4M)
|
Batting: RHB Rubén Calderón
|
0-0: Ball 1-0: SINGLE (Groundball, 4M)
|
Batting: LHB José Antonio Santiago
|
0-0: Called Strike 0-1: Called Strike 0-2: Fly out, F8 (Flyball, 8RM)
|
Bottom of the 1st over - 0 run(s), 1 hit(s), 0 error(s), 1 left on base; Plymouth 0 - So Cal 0 |
TOP OF THE 2ND |
Plymouth Rocks batting - Pitching for So Cal Henvy : LHP Ramiro Jiménez
|
Batting: RHB António Zúńiga
|
0-0: Called Strike 0-1: Ball 1-1: Ball 2-1: Ground out 1-3 (Groundball, 15)
|
Batting: RHB José Flores
|
0-0: Ball 1-0: Foul Ball, location: 2F 1-1: Fly out, F9 (Line Drive, 89M)
|
Batting: SHB Greg Welch
|
0-0: Ball 1-0: Ball 2-0: Foul Ball, location: 2F 2-1: Foul Ball, location: 2F 2-2: Ground out 4-3 (Groundball, 4)
|
Top of the 2nd over - 0 run(s), 0 hit(s), 0 error(s), 0 left on base; Plymouth 0 - So Cal 0 |
BOTTOM OF THE 2ND |
So Cal Henvy batting - Pitching for Plymouth Rocks : RHP José López
|
Batting: RHB Earl Wiggins
|
0-0: Called Strike 0-1: Swinging Strike 0-2: Foul Ball, location: 2F 0-2: DOUBLE (Line Drive, 8RXD)
|
Batting: SHB Derek Roach
|
0-0: Called Strike 0-1: Fly out, F8 (Flyball, 8RM)
|
Batting: RHB Morgan Gibbon
|
0-0: Ground out 4-3 (Groundball, 4) Earl Wiggins to third
|
Batting: LHB Al Mills
|
0-0: Ball 1-0: Ball 2-0: Foul Ball, location: 2F 2-1: Ball 3-1: Base on Balls
|
Batting: RHB Greg Handrahan
|
0-0: Fly out, F7 (Flyball, 78M)
|
Bottom of the 2nd over - 0 run(s), 1 hit(s), 0 error(s), 2 left on base; Plymouth 0 - So Cal 0 |
TOP OF THE 3RD |
Plymouth Rocks batting - Pitching for So Cal Henvy : LHP Ramiro Jiménez
|
Batting: RHB Juan Valverde
|
0-0: Foul Ball, location: 2F 0-1: Ball 1-1: Foul Ball, location: 2F 1-2: Foul Ball, location: 2F 1-2: SINGLE (Line Drive, 6MD)
|
Batting: RHB Ray Yates
|
0-0: Called Strike 0-1: Ball 1-1: Ball 2-1: Reached on error, E6 (Groundball, 6) Juan Valverde to second
|
Batting: RHB António Gonzáles
|
0-0: Ball 1-0: Called Strike 1-1: Swinging Strike 1-2: Ball 2-2: Grounds into double play, 1-4-3 (Groundball, 15) Juan Valverde to third
|
Batting: RHB Luis Sánchez
|
0-0: Called Strike 0-1: Swinging Strike 0-2: SINGLE (Flyball, 9LS) Juan Valverde scores
|
Batting: RHB Andrés Lara
|
0-0: Ball 1-0: SINGLE (Line Drive, 4M) Luis Sánchez to second
|
Batting: LHB Barrett Waters
|
0-0: Ball 1-0: Fly out, F7 (Flyball, 7D)
|
Top of the 3rd over - 1 run(s), 3 hit(s), 1 error(s), 2 left on base; Plymouth 1 - So Cal 0 |
BOTTOM OF THE 3RD |
So Cal Henvy batting - Pitching for Plymouth Rocks : RHP José López
|
Batting: SHB Miguel González
|
0-0: Ground out 4-3 (Groundball, 4M)
|
Batting: LHB John Peterson
|
0-0: Called Strike 0-1: Ball 1-1: Ball 2-1: Ground out U3 (Groundball, 3S)
|
Batting: RHB Rubén Calderón
|
0-0: Called Strike 0-1: Ball 1-1: Ball 2-1: DOUBLE (Flyball, 8LXD)
|
Batting: LHB José Antonio Santiago
|
0-0: Ball 1-0: Ball 2-0: Swinging Strike 2-1: Fly out, F5 (Popup, 5F)
|
Bottom of the 3rd over - 0 run(s), 1 hit(s), 0 error(s), 1 left on base; Plymouth 1 - So Cal 0 |
TOP OF THE 4TH |
Plymouth Rocks batting - Pitching for So Cal Henvy : LHP Ramiro Jiménez
|
Batting: RHB António Zúńiga
|
0-0: Ball 1-0: Called Strike 1-1: Swinging Strike 1-2: Ball 2-2: Ball 3-2: SOLO HOME RUN (Flyball, 9D), Distance : 356 ft
|
Batting: RHB José Flores
|
0-0: Called Strike 0-1: Foul Ball, location: 2F 0-2: Ball 1-2: Ground out 6-3 (Groundball, 6)
|
Batting: SHB Greg Welch
|
0-0: Called Strike 0-1: Foul Ball, location: 2F 0-2: Foul Ball, location: 2F 0-2: Strikes out swinging
|
Batting: RHB Juan Valverde
|
0-0: Called Strike 0-1: Foul Ball, location: 2F 0-2: Foul Ball, location: 2F 0-2: SINGLE (Groundball, 34D)
|
Batting: RHB Ray Yates
|
0-0: Ground out 5-3 (Groundball, 5S)
|
Top of the 4th over - 1 run(s), 2 hit(s), 0 error(s), 1 left on base; Plymouth 2 - So Cal 0 |
BOTTOM OF THE 4TH |
So Cal Henvy batting - Pitching for Plymouth Rocks : RHP José López
|
Batting: RHB Earl Wiggins
|
0-0: Swinging Strike 0-1: Ground out 5-3 (Groundball, 56)
|
Batting: SHB Derek Roach
|
0-0: Called Strike 0-1: Ball 1-1: Ball 2-1: Ball 3-1: Foul Ball, location: 2F 3-2: Foul Ball, location: 2F 3-2: Strikes out swinging
|
Batting: RHB Morgan Gibbon
|
0-0: Ball 1-0: Called Strike 1-1: Fly out, F2 (Popup, 2L)
|
Bottom of the 4th over - 0 run(s), 0 hit(s), 0 error(s), 0 left on base; Plymouth 2 - So Cal 0 |
TOP OF THE 5TH |
Plymouth Rocks batting - Pitching for So Cal Henvy : LHP Ramiro Jiménez
|
Batting: RHB António Gonzáles
|
0-0: Called Strike 0-1: Foul Ball, location: 2F 0-2: Ball 1-2: Ball 2-2: SINGLE (Line Drive, 7S)
|
Batting: RHB Luis Sánchez
|
0-0: Ball 1-0: Foul Ball, location: 2F 1-1: Ball 2-1: Foul Ball, location: 2F 2-2: SINGLE (Line Drive, 8RS) António Gonzáles to second Runner from 2nd tries for 3rd, SAFE, throw made to third
|
Batting: RHB Andrés Lara
|
0-0: Called Strike 0-1: Ground out 6-3 (Groundball, 6) Luis Sánchez to second
|
Batting: LHB Barrett Waters
|
0-0: Called Strike 0-1: Called Strike 0-2: Foul Ball, location: 2F 0-2: Strikes out swinging
|
Batting: RHB António Zúńiga
|
0-0: Ball 1-0: Ball 2-0: Called Strike 2-1: SINGLE (Groundball, 6M) António Gonzáles scores Luis Sánchez to third Runner from 3rd tries for Home, SAFE, no throw or cutoff
|
Batting: RHB José Flores
|
0-0: Ball 1-0: Ball 2-0: Ball 3-0: Foul Ball, location: 2F 3-1: Foul Ball, location: 2F 3-2: Strikes out looking
|
Top of the 5th over - 2 run(s), 3 hit(s), 0 error(s), 1 left on base; Plymouth 4 - So Cal 0 |
BOTTOM OF THE 5TH |
So Cal Henvy batting - Pitching for Plymouth Rocks : RHP José López
|
Batting: LHB Al Mills
|
0-0: Ball 1-0: Fly out, F7 (Line Drive, 78M)
|
Batting: RHB Greg Handrahan
|
0-0: Ball 1-0: Foul Ball, location: 2F 1-1: Swinging Strike 1-2: SINGLE (Line Drive, 89S)
|
Batting: SHB Miguel González
|
0-0: Ball 1-0: Called Strike 1-1: Swinging Strike 1-2: SINGLE (Flyball, 9LM) Greg Handrahan to second Runner from 2nd tries for 3rd, SAFE, throw made to third Miguel González to second
|
Batting: LHB John Peterson
|
0-0: Ball 1-0: Swinging Strike 1-1: Foul Ball, location: 2F 1-2: Foul Ball, location: 2F 1-2: Ball 2-2: Ball 3-2: Strikes out looking
|
Batting: RHB Rubén Calderón
|
0-0: Called Strike 0-1: Called Strike 0-2: DOUBLE (Line Drive, 3D) Greg Handrahan scores Miguel González scores
|
Batting: LHB José Antonio Santiago
|
0-0: Fly out, F7 (Line Drive, 7M)
|
Bottom of the 5th over - 2 run(s), 3 hit(s), 0 error(s), 1 left on base; Plymouth 4 - So Cal 2 |
TOP OF THE 6TH |
Plymouth Rocks batting - Pitching for So Cal Henvy : LHP Ramiro Jiménez
|
Batting: SHB Greg Welch
|
0-0: Ball 1-0: Called Strike 1-1: Ball 2-1: SINGLE (Groundball, 6MD)
|
Batting: RHB Juan Valverde
|
0-0: Called Strike 0-1: Ball 1-1: Ball 2-1: Swinging Strike 2-2: Ball 3-2: Foul Ball, location: 2F 3-2: Fly out, F8 (Flyball, 8LD)
|
Batting: RHB Ray Yates
|
0-0: Ball 1-0: Foul Ball, location: 2F 1-1: Ball 2-1: Reached on error, E6 (Groundball, 6) Greg Welch to second
|
Batting: RHB António Gonzáles
|
0-0: Called Strike 0-1: Swinging Strike 0-2: Ball 1-2: Grounds into double play, 1-4-3 (Groundball, 13)
|
Top of the 6th over - 0 run(s), 1 hit(s), 1 error(s), 1 left on base; Plymouth 4 - So Cal 2 |
BOTTOM OF THE 6TH |
So Cal Henvy batting - Pitching for Plymouth Rocks : RHP José López
|
Batting: RHB Earl Wiggins
|
0-0: Ball 1-0: SINGLE (Line Drive, 89S)
|
Batting: SHB Derek Roach
|
0-0: Foul Ball, location: 2F 0-1: Ball 1-1: Ground out 3-1 (Groundball, 34S) Earl Wiggins to second
|
Batting: RHB Morgan Gibbon
|
0-0: Ground out 5-3 (Groundball, 5L)
|
Batting: LHB Al Mills
|
0-0: Called Strike 0-1: SINGLE (Groundball, 56D) Earl Wiggins to third Runner from 3rd tries for Home, SAFE, no throw or cutoff
|
Batting: RHB Greg Handrahan
|
0-0: Foul Ball, location: 2F 0-1: Swinging Strike 0-2: SINGLE (Line Drive, 6D) Al Mills to second
|
Batting: SHB Miguel González
|
0-0: Called Strike 0-1: Ball 1-1: Foul Ball, location: 2F 1-2: Fly out, F9 (Flyball, 89D)
|
Bottom of the 6th over - 1 run(s), 3 hit(s), 0 error(s), 2 left on base; Plymouth 4 - So Cal 3 |
TOP OF THE 7TH |
Plymouth Rocks batting - Pitching for So Cal Henvy : LHP Ramiro Jiménez
|
Pitching: RHP António Juárez
|
|
Batting: RHB Luis Sánchez
|
0-0: Fly out, F3 (Popup, 3)
|
Pitching: RHP Jerry Good
|
|
Batting: RHB Andrés Lara
|
0-0: Foul Ball, location: 2F 0-1: Ground out 5-3 (Groundball, 5S)
|
Batting: LHB Barrett Waters
|
0-0: Called Strike 0-1: Swinging Strike 0-2: Strikes out swinging
|
Top of the 7th over - 0 run(s), 0 hit(s), 0 error(s), 0 left on base; Plymouth 4 - So Cal 3 |
BOTTOM OF THE 7TH |
So Cal Henvy batting - Pitching for Plymouth Rocks : RHP José López
|
Batting: LHB John Peterson
|
0-0: Ball 1-0: Ball 2-0: Foul Ball, location: 2F 2-1: Foul Ball, location: 2F 2-2: Foul Ball, location: 2F 2-2: Ball 3-2: DOUBLE (Line Drive, 89XD) - OUT at third base trying to stretch hit.
|
Batting: RHB Rubén Calderón
|
0-0: Called Strike 0-1: Called Strike 0-2: Strikes out looking
|
Batting: LHB José Antonio Santiago
|
0-0: Called Strike 0-1: Foul Ball, location: 2F 0-2: Ball 1-2: Foul Ball, location: 2F 1-2: Ball 2-2: Foul Ball, location: 2F 2-2: Foul Ball, location: 2F 2-2: Strikes out looking
|
Bottom of the 7th over - 0 run(s), 1 hit(s), 0 error(s), 0 left on base; Plymouth 4 - So Cal 3 |
TOP OF THE 8TH |
Plymouth Rocks batting - Pitching for So Cal Henvy : RHP Jerry Good
|
Batting: RHB António Zúńiga
|
0-0: Ground out 6-3 (Groundball, 6)
|
Batting: RHB José Flores
|
0-0: Foul Ball, location: 2F 0-1: Ball 1-1: Swinging Strike 1-2: Strikes out swinging
|
Batting: SHB Greg Welch
|
0-0: Called Strike 0-1: Called Strike 0-2: Ball 1-2: Ground out 4-3 (Groundball, 34)
|
Top of the 8th over - 0 run(s), 0 hit(s), 0 error(s), 0 left on base; Plymouth 4 - So Cal 3 |
BOTTOM OF THE 8TH |
So Cal Henvy batting - Pitching for Plymouth Rocks : RHP José López
|
Pitching: RHP Scot MacIntosh
|
|
Batting: RHB Earl Wiggins
|
0-0: Ball 1-0: Swinging Strike 1-1: Ball 2-1: Called Strike 2-2: Ball 3-2: Strikes out swinging
|
Pitching: LHP Carl Lewis
|
|
Batting: SHB Derek Roach
|
0-0: Ball 1-0: Fly out, F4 (Line Drive, 4D)
|
Pitching: RHP Scotty Johnson
|
|
Batting: RHB Morgan Gibbon
|
0-0: Called Strike 0-1: Swinging Strike 0-2: Strikes out swinging
|
Bottom of the 8th over - 0 run(s), 0 hit(s), 0 error(s), 0 left on base; Plymouth 4 - So Cal 3 |
TOP OF THE 9TH |
Plymouth Rocks batting - Pitching for So Cal Henvy : RHP Jerry Good
|
Pitching: RHP Juan Flores
|
|
Batting: RHB Juan Valverde
|
0-0: Called Strike 0-1: Ball 1-1: SINGLE (Groundball, 6MD)
|
Batting: RHB Ray Yates
|
0-0: Bunted foul 0-1: Sac Bunt - play at first, batter OUT! 1-4 Juan Valverde to second
|
Pinch Hitting: LHB Roy Patrick
|
0-0: Intentional Walk
|
Pinch Hitting: LHB Frank Geddes
|
0-0: Foul Ball, location: 2F 0-1: Ball 1-1: Swinging Strike 1-2: Ball 2-2: Strikes out swinging
|
Pinch Hitting: LHB Roger Moore
|
0-0: Called Strike 0-1: SINGLE (Groundball, 3D) Juan Valverde to third Roy Patrick to second Runner from 3rd tries for Home, SAFE, throw made home Roy Patrick to third Roger Moore to second
|
Batting: LHB Barrett Waters
|
0-0: Called Strike 0-1: Called Strike 0-2: Ball 1-2: Fly out, F7 (Flyball, 7D)
|
Top of the 9th over - 1 run(s), 2 hit(s), 0 error(s), 2 left on base; Plymouth 5 - So Cal 3 |
BOTTOM OF THE 9TH |
So Cal Henvy batting - Pitching for Plymouth Rocks : RHP Scotty Johnson
|
Pitching: RHP Lorenzo Ramos
|
|
Now at 1B: Júlio Negrón
|
|
Now at 3B: Roger Moore
|
|
Now in LF: Roy Patrick
|
|
Batting: LHB Al Mills
|
0-0: Ball 1-0: Foul Ball, location: 2F 1-1: Ball 2-1: Ball 3-1: Fly out, F7 (Flyball, 78D)
|
Batting: RHB Greg Handrahan
|
0-0: Foul Ball, location: 2F 0-1: Foul Ball, location: 2F 0-2: Ball 1-2: Ground out 6-3 (Groundball, 6)
|
Batting: SHB Miguel González
|
0-0: Foul Ball, location: 2F 0-1: Called Strike 0-2: Ball 1-2: Ground out 5-3 (Groundball, 56S)
|
Bottom of the 9th over - 0 run(s), 0 hit(s), 0 error(s), 0 left on base; Plymouth 5 - So Cal 3 |
|